 Dungeon Crawl Stone Soup version 0.21.1-1-g345015f (webtiles) character file.

876 glosham the Fighter (level 8, -7/79 HPs)
             Began as a Ghoul Abyssal Knight on June 6, 2018.
             Was a Believer of Lugonu.
             Mangled by an ogre
             ... wielding a +0 giant club
              (16 damage)
             ... on level 11 of the Dungeon.
             The game lasted 00:25:59 (1179 turns).

glosham the Fighter (Ghoul Abyssal Knight)          Turns: 1179, Time: 00:26:00

Health: -7/79      AC:  8    Str: 16    XL:     8   Next: 4%
Magic:  8/8        EV:  6    Int:  7    God:    Lugonu [**....]
Gold:   157        SH:  0    Dex: 12    Spells: 3/7 levels left

rFire    + . .     SeeInvis .   b - +1 war axe (chop)
rCold    + . .     Gourm    .   (no shield)
rNeg     + + +     Faith    .   m - +0 chain mail
rPois    ∞         Spirit   .   (no helmet)
rElec    .         Reflect  .   (no cloak)
rCorr    .         Harm     .   (no gloves)
MR       .....                  (no boots)
Stlth    ..........             (no amulet)
HPRegen  0.00/turn              A - ring of protection from fire
MPRegen  0.11/turn              B - +2 ring of dexterity

@: rotting
A: rotting body, claws 1, carnivore, cold resistance 1, negative energy
resistance 3, inhibited regeneration, torment resistance, unbreathing
a: Depart the Abyss, Bend Space, Renounce Religion


You were on level 11 of the Dungeon.
You worshipped Lugonu.
Lugonu was pleased with you.
You were not hungry.

You visited 1 branch of the dungeon, and saw 11 of its levels.
You visited the Abyss 1 time.

You collected 157 gold pieces.

Inventory:

Hand Weapons
 b - a +1 war axe of chopping (weapon)
 c - a +0 hunting sling
 f - a +0 great mace
 n - a +0 halberd
Missiles
 g - 18 bolts
 l - 14 sling bullets
 o - 24 arrows
Armour
 j - a +0 ring mail
 m - a +0 chain mail (worn)
 X - a +0 leather armour
Jewellery
 A - a ring of protection from fire (left claw)
 B - a +2 ring of dexterity (right claw)
Scrolls
 k - a scroll of remove curse
Potions
 t - a potion of flight
Books
 e - a book of Transfigurations

   Spells                             Type                      Level
   a - Irradiate                      Conjuration/Transmutation    5
   b - Statue Form                    Transmutation/Earth          6
   c - Hydra Form                     Transmutation                6
   d - Dragon Form                    Transmutation                7
 r - a book of Cantrips

   Spells                             Type                      Level
   a - Confusing Touch                Hexes                        1
   b - Animate Skeleton               Necromancy                   1
   c - Summon Small Mammal            Summoning                    1
   d - Apportation                    Translocation                1
 s - a book of Party Tricks

   Spells                             Type                      Level
   a - Summon Butterflies             Summoning                    1
   b - Apportation                    Translocation                1
   c - Lesser Beckoning               Translocation                3
   d - Tukima's Dance                 Hexes                        3
   e - Alistair's Intoxication        Transmutation/Poison         5
   f - Invisibility                   Hexes                        6
Comestibles
 a - 2 rations


   Skills:
 * Level 9.7 Fighting
 - Level 1.7 Armour
 - Level 0.8 Dodging
 - Level 3.2 Stealth
 - Level 2.1 Unarmed Combat
 - Level 2.0 Invocations


You had 3 spell levels left.
You knew the following spells:

 Your Spells              Type           Power        Failure   Level  Hunger
a - Apportation           Tloc           #.....       100%        1    ##.....
c - Confusing Touch       Hex            #.....       100%        1    ##.....
A - Animate Skeleton      Necr           N/A          100%        1    ##.....
B - Summon Butterflies    Summ           #.......     100%        1    ##.....


Dungeon Overview and Level Annotations

Branches:
Dungeon (11/15)
 Temple: D:4-7         Lair: D:8-11         Orc: D:9-12

Altars:


Innate Abilities, Weirdness & Mutations

Your body is rotting away.
You thrive on raw meat.
You are immune to poison.
You have sharp fingernails.
You are carnivorous and can eat meat at any time.
Your flesh is cold resistant. (rC+)
You are immune to negative energy. (rN+++)
You do not regenerate when monsters are visible.
You are immune to unholy pain and torment.
You can survive without breathing.


Message History

You see here a chunk of flesh.
Eat a chunk of flesh? (ye/n/q)
You eat the chunk of flesh.
This raw flesh tastes great!
You see here a killer bee corpse.
You butcher the killer bee corpse.
You see here a chunk of flesh.
Eat a chunk of flesh? (ye/n/q)
You eat the chunk of flesh.
This raw flesh tastes great!
There is a stone staircase leading down here.
You climb downwards.
There is a stone staircase leading up here.
An ogre comes into view. It is wielding a giant club.
The ogre shouts!
You feel better.
You hit the ogre.
The ogre is moderately wounded.
The ogre barely misses you.
You hit the ogre.
The ogre is heavily wounded.
The ogre completely misses you.
You hit the ogre.
The ogre is severely wounded.
The ogre barely misses you.
You hit the ogre but do no damage.
The ogre is severely wounded.
The ogre hits you with a giant club!
You barely miss the ogre.
The ogre is severely wounded.
The ogre hits you with a giant club. The ogre hits you with a giant club!
You hit the ogre.
The ogre is almost dead.
The ogre hits you with a giant club.
You hit the ogre.
The ogre is almost dead.
The ogre hits you with a giant club!
* * * LOW HITPOINT WARNING * * *
You barely miss the ogre.
The ogre is almost dead.
The ogre hits you with a giant club!
You die...

#...........#
#.........#.#
+.........#.#
#.........#.#
######+##.#.#
#..#.# #.##.#
#.##.# #.<#@#
####O# ..#
...# ###.#
#.# #.# #.#


You could see an ogre.

Vanquished Creatures
  A wyvern (D:10)
  An ice beast (D:3)
  An orc warrior (D:7)
  A scorpion (D:8)
  2 killer bees (D:10)
  A centaur zombie (D:8)
  A crimson imp (D:5)
  4 orc priests
  3 hounds
  An orc wizard (D:8)
  3 gnolls (D:10)
  2 adders
  A worm (D:2)
  A dart slug (D:2)
  A leopard gecko (D:5)
  6 orcs
  2 goblins (D:2)
  2 hobgoblins
  3 jackals (D:7)
  2 quokkas
  4 bats
  2 frilled lizards
  A jackal skeleton (D:7)
  A leopard gecko skeleton (D:8)
  A rat (D:2)
48 creatures vanquished.

Vanquished Creatures (collateral kills)
  A gnoll (D:10)
  An orc (D:10)
2 creatures vanquished.

Vanquished Creatures (others)
  A killer bee (D:10)
  A gnoll shaman (D:10)
2 creatures vanquished.

Grand Total: 52 creatures vanquished

Notes
Turn   | Place    | Note
-------+----------+-------------------------------------------
     0 | Abyss:1  | glosham the Ghoul Abyssal Knight began the quest for the Orb.
     0 | Abyss:1  | Reached XP level 1. HP: 19/19 MP: 1/1
    52 | Abyss:2  | Noticed a thrashing horror
    54 | D:1      | Escaped the Abyss
   100 | D:1      | Reached * piety under Lugonu
   110 | D:2      | Reached skill level 1 in Stealth
   119 | D:2      | Reached skill level 2 in Stealth
   119 | D:2      | Reached XP level 2. HP: 15/26 MP: 2/2
   265 | D:2      | Reached skill level 3 in Stealth
   265 | D:2      | Reached XP level 3. HP: 31/31 MP: 3/3
   417 | D:4      | Reached skill level 4 in Fighting
   417 | D:4      | Reached XP level 4. HP: 24/39 MP: 4/4
   431 | D:4      | Noticed a phantom
   494 | D:5      | Entered Level 5 of the Dungeon
   547 | D:3      | Noticed an ice beast
   553 | D:3      | Killed an ice beast
   553 | D:3      | Reached skill level 6 in Fighting
   553 | D:3      | Reached XP level 5. HP: 47/50 MP: 5/5
   600 | D:5      | Reached XP level 6. HP: 56/58 MP: 6/6
   618 | D:7      | Noticed an orc warrior
   624 | D:7      | Killed an orc warrior
   624 | D:7      | Reached skill level 7 in Fighting
   683 | D:8      | Reached XP level 7. HP: 42/67 MP: 7/7
   709 | D:8      | Reached ** piety under Lugonu
   762 | D:8      | Reached skill level 8 in Fighting
   824 | D:8      | Learned a level 1 spell: Apportation
   826 | D:8      | Learned a level 1 spell: Confusing Touch
   828 | D:8      | Learned a level 1 spell: Animate Skeleton
   865 | D:10     | Entered Level 10 of the Dungeon
   878 | D:10     | Learned a level 1 spell: Summon Butterflies
   969 | D:10     | Noticed a wyvern
   973 | D:10     | Killed a wyvern
   973 | D:10     | Reached skill level 9 in Fighting
  1012 | D:10     | Noticed a centaur warrior
  1030 | D:10     | HP: 7/70 [centaur warrior (1)]
  1139 | D:10     | Reached XP level 8. HP: 26/79 MP: 8/8
  1179 | D:11     | Mangled by an ogre

Skill      XL: |  1  2  3  4  5  6  7 |
---------------+----------------------+-----
Stealth        | 2 3 |  3.2
Fighting       | 4 6 7 9 |  9.7
Armour         | |  1.7
Dodging        | |  0.8
Unarmed Combat | |  2.1
Invocations    | |  2.0

Action                   |  1- 3 |  4- 6 |  7- 9 || total
-------------------------+-------+-------+-------++-------
Melee: War axe           |    62 |    48 |    65 ||   175
       Punch             |     1 |       |       ||     1
 Fire: Hunting sling     |     3 |       |       ||     3
Invok: Depart the Abyss  |     1 |       |       ||     1
Evoke: Wand              |     1 |     3 |    11 ||    15
  Use: Scroll            |     8 |     1 |     1 ||    10
       Potion            |       |     1 |     3 ||     4
 Stab: Confused          |       |     1 |     2 ||     3
       Betrayed ally     |       |       |     1 ||     1
  Eat: Chunk             |     8 |     9 |    21 ||    38
Armor: Leather armour    |     6 |       |       ||     6
       Chain mail        |    32 |    39 |    44 ||   115
Dodge: Dodged            |    37 |    23 |    23 ||    83

Table legend:
 A = Turns spent in this place as a percentage of turns spent in the entire game.
 B = Non-inter-level travel turns spent in this place as a percentage of non-inter-level travel turns spent in the entire game.
 C = Inter-level travel turns spent in this place as a percentage of turns spent in this place.
 D = Turns resting spent in this place as a percentage of non-inter-level travel turns spent in this place.
 E = Turns spent auto-exploring this place as a percentage of non-inter-level travel turns spent in this place.
 F = Non-inter-level travel turns spent in this place divided by the number of levels of this place that you've seen.
                   A       B       C       D       E      F
               +-------+-------+-------+-------+-------+----------------------
         Total | 100.0 | 100.0 |   0.0 |   0.3 |   0.0 |  90.7
       Dungeon |  95.4 |  95.4 |   0.0 |   0.4 |   0.0 | 102.3
         Abyss |   4.6 |   4.6 |   0.0 |   0.0 |   0.0 |  27.0
               +-------+-------+-------+-------+-------+----------------------

Table legend:
 A = Kills in this place as a percentage of kills in entire the game.
 B = Kills by you in this place as a percentage of kills by you in the entire game.
 C = Kills by friends in this place as a percentage of kills by friends in the entire game.
 D = Other kills in this place as a percentage of other kills in the entire game.
 E = Experience gained in this place as a percentage of experience gained in the entire game.
 F = Experience gained in this place divided by the number of levels of this place that you have seen.
                   A       B       C       D       E      F
               +-------+-------+-------+-------+-------+----------------------
         Total | 100.0 | 100.0 | 100.0 | 100.0 | 100.0 |  96.3
       Dungeon | 100.0 | 100.0 | 100.0 | 100.0 | 100.0 | 113.8
               +-------+-------+-------+-------+-------+----------------------

Vault maps used:
D:1:      dpeg_arrival_tiny_d
D:2:      overflow_temple_1_default, grunt_ministairs_6, minmay_tetromino_l4,
          uniq_crazy_yiuf_cottage, uniq_robin
D:4:      eino_tiny_chamber
D:5:      first_ration, kennysheep_generic_room_3
D:6:      black_bear_nest_1, kennysheep_little_box, temple_doors_e
D:7:      overflow_temple_1_default, minmay_fountain_box
D:8:      nemelex_xobeh_ov_fountains_minmay, special_room, grunt_livestock
D:9:      uniq_erolcha
D:10:     minmay_misc_feat_doors, uniq_nergalle
D:11:     grunt_lair_entry_orc_guard_hut, orc_0_dummy
